 Dungeon Crawl Stone Soup version 0.29-a0-214-g17f627cfee (webtiles) character file.

Game seed: 6159806427386834430

9982 spaghetti the Fighter (level 11, 0/100 HPs)
             Began as a Demonspawn Fighter on Feb 24, 2022.
             Was a High Priest of Cheibriados.
             Slain by a boulder beetle (38 damage)
             ... on level 3 of the Lair of Beasts.
             The game lasted 00:20:06 (12840 turns).

spaghetti the Fighter (Demonspawn Fighter)         Turns: 12840, Time: 00:20:06

Health: 0/100      AC: 10    Str: 32    XL:     11   Next: 30%
Magic:  0/21       EV:  9    Int: 28    God:    Cheibriados [*****.]
Gold:   51         SH:  6    Dex: 25    Spells: 10/10 levels left

rFire   . . .      SeeInvis .   g - +9 falchion "Githes" {vorpal, Str+3 Int+2, long}
rCold   . . .      Faith    .   c - +0 buckler
rNeg    + . .      Spirit   +   b - +0 scale mail
rPois   .          Reflect  .   (no helmet)
rElec   .          Harm     .   F - +0 cloak
rCorr   +          Rampage  .   (no gloves)
Will    .....                   G - +1 pair of boots
Stlth   +.........              m - amulet of guardian spirit
HPRegen 0.26/turn               P - ring of Ricliose {rN+ rCorr AC+4 Slay+2}
MPRegen 0.17/turn               x - +4 ring of slaying

@: on berserk cooldown, slowed, very slow
A: demonic guardian 2, big brain 2, demonic touch 2, hooves 1, deformed body
a: Renounce Religion, Bend Time, Temporal Distortion, Slouch, Step From Time


You were on level 3 of the Lair of Beasts.
You worshipped Cheibriados.
Cheibriados was extremely pleased with you.
You visited 3 branches of the dungeon, and saw 12 of its levels.
You also visited: Ossuary.

You collected 663 gold pieces.
You spent 612 gold pieces at shops.


Innate Abilities, Weirdness & Mutations

A demonic guardian rushes to your aid.
You have an extremely huge brain. (Int +4)
Your touch may inflict irresistible damage on your foes.
You have large cloven feet.
Armour fits poorly on your strangely shaped body.


   Skills:
 - Level 14.2 Fighting
 - Level 1.7 Short Blades
 - Level 2.6 Armour
 - Level 2.6 Shields
 + Level 13.3 Invocations
 - Level 3.2 Evocations


You had 10 spell levels left.
You didn't know any spells.
Your spell library contained the following spells:

 Spells                   Type           Power      Damage    Failure   Level
 Sandblast                Erth           0%         2d4       28%         1
 Passwall                 Tmut/Erth      0%         N/A       41%         2
 Ozocubu's Armour         Ice            0%         N/A       65%         3
 Stone Arrow              Conj/Erth      0%         3d7       65%         3
 Ozocubu's Refrigeration  Ice            0%         4d5       100%        7
 Chain Lightning          Conj/Air       0%         N/A       100%        9
 Fire Storm               Conj/Fire      0%         5d1       100%        9
 Shatter                  Erth           0%         3d5*      100%        9

Inventory:

Hand Weapons
 g - the +9 falchion "Githes" (weapon) {vorpal, Str+3 Int+2, long}
   (You found it on level 3 of the Dungeon)

   It inflicts extra damage upon your enemies.
   Str:       It affects your strength (+3).
   Int:       It affects your intelligence (+2).
 M - a +2 scimitar of flaming {long}
   (You took it off Erica on level 8 of the Dungeon)
Missiles
 e - 3 boomerangs {throwing}
 f - 247 stones (quivered) {throwing}
 K - 13 poisoned darts {throwing}
Armour
 b - a +0 scale mail (worn)
 c - a +0 buckler (worn)
 F - a +0 cloak (worn)
   (You took it off Crazy Yiuf on level 5 of the Dungeon)
 G - a +1 pair of boots (worn)
   (You found it on level 5 of the Dungeon)
Jewellery
 k - a ring of protection from cold
   (You found it on level 2 of the Dungeon)
 m - an amulet of guardian spirit (around neck)
   (You found it on level 3 of the Dungeon)
 p - a ring of protection from fire
   (You took it off a kobold on level 4 of the Dungeon)
 x - a +4 ring of slaying (right hand)
   (You found it on level 2 of the Dungeon)
 y - a ring of wizardry
   (You found it on level 2 of the Dungeon)
 E - a +6 ring of intelligence
   (You found it on level 5 of the Dungeon)
 J - a +6 ring of dexterity
   (You found it on level 8 of the Dungeon)
 O - a ring of magical power
   (You found it on level 1 of the Lair of Beasts)
 P - the ring of Ricliose (left hand) {rN+ rCorr AC+4 Slay+2}
   (You bought it in a shop on level 2 of the Dungeon)

   [ring of protection]

   AC:        It affects your AC (+4).
   Slay:      It affects your accuracy & damage with ranged weapons and melee
   (+2).
   rN:        It protects you from negative energy.
   rCorr:     It protects you from acid and corrosion.
Wands
 j - a wand of paralysis (7)
   (You found it on level 6 of the Dungeon)
 A - a wand of iceblast (4)
   (You found it on level 5 of the Dungeon)
 D - a wand of flame (9)
   (You found it on level 5 of the Dungeon)
Scrolls
 a - 2 scrolls of immolation {!r!r}
 d - a scroll of brand weapon
 n - 2 scrolls of enchant armour
 o - 5 scrolls of identify {@r1}
 q - 5 scrolls of teleportation {@r4}
 s - a scroll of fog
 v - a scroll of vulnerability {!r!r}
 B - a scroll of blinking {!r}
 H - a scroll of enchant weapon
Potions
 h - a potion of haste {@q3}
 l - 2 potions of heal wounds {@q2}
 r - 5 potions of brilliance
 t - 3 potions of lignification {!q}
 u - 4 potions of curing {@q1}
 w - 4 potions of haste {forbidden@q3}
 z - 2 potions of attraction {!q}
 C - 3 potions of ambrosia

Dungeon Overview and Level Annotations

Branches:
Dungeon (8/15)             Temple (1/1) D:4            Lair (3/6) D:8
Ossuary (visited)
  Swamp: Lair:2-4    Shoals: Lair:2-4     Snake: Lair:2-4    Spider: Lair:2-4

Altars:
Ashenzari
Cheibriados
Dithmenos
Elyvilon
Hepliaklqana
Makhleb
Okawaru
Qazlal
Ru
Sif Muna
Vehumet
Xom
Zin
The Shining One

Shops:
D:2 :?=( D:4

* .... ..# .. .... ..#
..###... ..#### #
........ ..#..≈. ..#
[......#######...#..≈
....##..##...##.#......≈.
.......##....@B○○§P...≈
#..##.....##.###..#.P..≈
#....8.<.8....####†.P#..
....#......#....# ...# #
##.8.#####...#....# #####
..##....# #.# .##.# .# #.
## .# #


You could see a boulder beetle (rolling).


Message History

You are too injured to fight recklessly!
You are too injured to fight recklessly!
You are too injured to fight recklessly!
You are too injured to fight recklessly!
You are too injured to fight recklessly!
You hit the boulder beetle. The boulder beetle bites you!!
* * * LOW HITPOINT WARNING * * *
😨 HP[-20] MP[-5]
You take 20 damage, and now have 46/100 hp.
You lost 5 mp, and now have 8/20 mp.
Activating: Slouch (1% risk of failure)
Press: ? - help, Dir - look around, f - activate
Okay, then.
Unknown command.
Okay, then.
Okay, then.
Really quaff
L - a potion of berserk rage {!q}?
A red film seems to cover your vision as you go berserk!
Cheibriados forces you to slow down.
You feel mighty! The wolf bites you but does no damage.
You block the boulder beetle's attack. 😨 HP[+23]
You now have 150 max hp (+50).
You regained 23 hp, and now have 69/150 hp.
You slice the boulder beetle!! The wolf bites you but does no damage.
The wolf barely misses you. The boulder beetle bites you. 😨 HP[+1]
You slice the boulder beetle!! The wolf barely misses you. x2
The boulder beetle leaps!
The wolf bites you.
* * * LOW HITPOINT WARNING * * *
😨 HP[-6]
You take 6 damage, and now have 64/150 hp.
You slash the wolf! The wolf bites you but does no damage. The wolf bites you.
* * * LOW HITPOINT WARNING * * *
The boulder beetle curls into a ball and begins rolling!
The wolf bites you.
* * * LOW HITPOINT WARNING * * *
The wolf barely misses you. 😨 HP[-1] MP[-1]
You take 1 damage, and now have 63/150 hp.
You lost 1 mp, and now have 7/20 mp.
You slice the wolf!!
You kill the wolf!
Cheibriados thoroughly appreciates the change of pace.
You block the wolf's attack. The wolf closely misses you.
You slash the wolf!
The wolf bites you but does no damage. x2 😨 HP[+1] MP[+1]
You slash the wolf!
You kill the wolf!
Cheibriados thoroughly appreciates the change of pace.
The boulder beetle hits you!!!
* * * LOW HITPOINT WARNING * * *
A demonic guardian appears!
The boulder beetle stops rolling and uncurls. 😱 HP[-43] MP[-6]
You take 43 damage, and now have 21/150 hp.
MASSIVE DAMAGE!! (PAUSE)
You lost 6 mp, and now have 2/21 mp.
You swap places.
The boulder beetle leaps! 😱 HP[+1]
You feel a strong urge to attack something.
You are no longer berserk.
You are exhausted.
You feel yourself slow down. 😱 HP[-7]
You now have 100 max hp (-50).
What are your orders? t - Shout!
Orders for allies: a - Attack new target. r - Retreat! s - Stop attacking. g - Guard the area. f - Follow me.
Anything else - Cancel.
Gang up on whom?
Press: ? - help, Dir - move target, f - boulder beetle
Aim: a boulder beetle (severely wounded, ally target) Attack!
The boulder beetle curls into a ball and begins rolling! 😱 MP[+1]
Aiming: Iceblast
Press: ? - help, Shift-Dir - straight line, p - boulder beetle The mass of ice explodes!
The iceblast engulfs the boulder beetle!
The boulder beetle hits your soul eater!!!
Your soul eater dies!
Your soul eater disappears in a puff of smoke!
The boulder beetle stops rolling and uncurls.
The boulder beetle curls into a ball and begins rolling! 😱 HP[+1]
Aiming: Iceblast
Press: ? - help, Shift-Dir - straight line The mass of ice explodes!
The iceblast engulfs the boulder beetle but does no damage.
Aiming: Paralyse
Press: ? - help, Shift-Dir - straight line, f - boulder beetle
Aim: a boulder beetle (almost dead, rolling, chance to affect: 39%)
Okay, then.
Okay, then.
Okay, then.
You feel much better. The boulder beetle hits you!!!
You die...

Skill      XL: |  1  2  3  4  5  6  7  8  9 10 11 |
---------------+----------------------------------+-----
Fighting       | 5 6 8 10 12 14 | 14.2
Evocations     | 2 3 |  3.2
Invocations    | 11 13 | 13.3
Short Blades   | |  1.7
Armour         | |  2.6
Shields        | |  2.6

Action                   |  1- 3 |  4- 6 |  7- 9 | 10-12 || total
-------------------------+-------+-------+-------+-------++-------
Melee: Dagger            |    25 |    23 |       |       ||    48
       Rapier            |    10 |       |       |       ||    10
       Falchion          |       |    86 |   246 |   142 ||   474
Throw: Stone             |       |     3 |    27 |     9 ||    39
Invok: Bend Time         |       |       |     1 |       ||     1
       Temporal Distorti |       |       |       |     2 ||     2
Evoke: Wand              |       |       |     4 |     7 ||    11
  Use: Scroll            |       |     7 |     7 |     3 ||    17
       Potion            |       |     1 |    10 |     7 ||    18
 Stab: Paralysed         |       |       |     3 |       ||     3
       Distracted        |       |       |       |     2 ||     2
Armor: Scale mail        |    14 |    31 |   112 |    83 ||   240
Dodge: Dodged            |    10 |    48 |   105 |    60 ||   223
Block: Buckler           |     6 |    25 |    51 |    47 ||   129

Levels and vault maps discovered:
D:1:      evilmike_arrival_rings, layout_loops_corners, minmay_pentomino_w2
D:2:      layout_basic, basic_altar, serial_shops, shop, shop, shop, shop,
          nicolae_figureground_sparkle
D:3:      minmay_chambers_of_twos, layout_basic, old_standard_altar,
          gammafunk_temple_overflow_forgotten, chequers_serial_rivers_small_3
D:4:      layout_cave_pools, minmay_temple_entry_slanted, serial_shops,
          nicolae_shop_window_shopping
D:5:      layout_loops_ring, nicolae_ashenzari_panopticon,
          minmay_fire_ice_demons, uniq_menkaure, uniq_prince_ribbit1,
          uniq_crazy_yiuf_cottage, uniq_eustachio
D:6:      layout_loops_ring, lemuel_doored_altar, uniq_pikel
D:7:      layout_basic
D:8:      layout_basic, lair_entry_dummy, nicolae_ossuary_entry_giza, uniq_erica
Temple:   nicolae_temple_hex_pool
Lair:1:   layout_loops_ring
Lair:2:   layout_hall_layers
Lair:3:   layout_loops_ring, minmay_swamp_entry_worms,
          nzn_masters_of_martial_movement, infiniplex_staircase_pool,
          grunt_megastairs_2

Notes
Turn   | Place    | Note
-------+----------+-------------------------------------------
     0 | D:1      | spaghetti the Demonspawn Fighter began the quest for the
                  | Orb.
     0 | D:1      | Reached XP level 1. HP: 18/18 MP: 1/1
     0 | D:1      | magus.rc [v1.9.6]
   475 | D:2      | You add the spells Ozocubu's Armour and Ozocubu's
                  | Refrigeration to your library.
   524 | D:3      | Gained mutation: A weak demonic guardian rushes to your
                  | aid. [demonic ancestry]
   524 | D:3      | Reached XP level 2. HP: 24/24 MP: 2/2
   674 | D:3      | Noticed an ogre
   687 | D:3      | Killed an ogre
   688 | D:3      | Reached skill level 5 in Fighting
   688 | D:3      | Reached XP level 3. HP: 17/33 MP: 3/3
   688 | D:3      | Gained mutation: You have an unusually large brain. (Int
                  | +2) [demonic ancestry]
   688 | D:3      | Reached XP level 4. HP: 20/39 MP: 4/4
  1092 | D:3      | Found a shadowy altar of Dithmenos.
  1138 | D:3      | You pick up a book of Geomancy and begin reading...
  1138 | D:3      | You add the spells Sandblast, Passwall and Stone Arrow to
                  | your library.
  1140 | D:3      | Identified the +9 falchion "Githes" {vorpal, Str+3 Int+2}
  1413 | D:3      | Found a radiant altar of Vehumet.
  1413 | D:3      | Found a sacrificial altar of Ru.
  1416 | D:3      | Found a burning altar of Makhleb.
  1954 | D:4      | Gained mutation: A demonic guardian rushes to your aid.
                  | [demonic ancestry]
  1954 | D:4      | Reached XP level 5. HP: 45/46 MP: 5/5
  2002 | D:4      | Found Zofypoer's Assorted Antiques.
  2007 | D:4      | Noticed an ogre
  2019 | D:4      | Killed an ogre
  2020 | D:4      | Reached skill level 6 in Fighting
  2126 | D:4      | You pick up a book of Geomancy and begin reading...
  2136 | D:4      | Found a staircase to the Ecumenical Temple.
  2410 | Temple   | Entered the Ecumenical Temple
  2453 | Temple   | Became a worshipper of Cheibriados the Contemplative
  2618 | D:2      | Found Ottoecwyn's Antique Weapon Shop.
  2666 | D:2      | Found Eniuwoor's Jewellery Shoppe.
  2670 | D:2      | Found Conut's Magic Scroll Shoppe.
  2777 | D:2      | Found a broken altar of Ashenzari.
  2780 | D:2      | Found Jilah's Book Shoppe.
  3670 | D:1      | Reached * piety under Cheibriados
  3860 | D:5      | Entered Level 5 of the Dungeon
  3898 | D:5      | Reached XP level 6. HP: 42/53 MP: 3/6
  4045 | D:5      | Noticed Prince Ribbit
  4052 | D:5      | Killed Prince Ribbit
  4053 | D:5      | Reached skill level 7 in Fighting
  4173 | D:5      | Noticed Eustachio
  4178 | D:5      | Reached skill level 8 in Fighting
  4178 | D:5      | Gained mutation: Your touch may inflict minor irresistible
                  | damage on your foes. [demonic ancestry]
  4178 | D:5      | Reached XP level 7. HP: 43/62 MP: 4/7
  4541 | D:6      | Reached ** piety under Cheibriados
  4574 | D:6      | Reached skill level 9 in Fighting
  4654 | D:6      | Noticed Pikel
  4665 | D:6      | Killed Pikel
  4666 | D:6      | Reached skill level 10 in Fighting
  4666 | D:6      | Gained mutation: You have an extremely huge brain. (Int +4)
                  | [demonic ancestry]
  4666 | D:6      | Reached XP level 8. HP: 37/74 MP: 5/8
  4869 | D:6      | Reached skill level 11 in Fighting
  4896 | D:6      | Noticed a two-headed ogre
  4904 | D:6      | Killed a two-headed ogre
  4905 | D:6      | Reached skill level 12 in Fighting
  4905 | D:6      | Gained mutation: Your touch may inflict irresistible damage
                  | on your foes. [demonic ancestry]
  4905 | D:6      | Reached XP level 9. HP: 62/82 MP: 6/9
  5008 | D:6      | You pick up a book of Annihilations and begin reading...
  5008 | D:6      | You add the spells Chain Lightning, Fire Storm and Shatter
                  | to your library.
  5111 | D:6      | Found a hazy altar of Hepliaklqana.
  5577 | D:5      | Killed Eustachio
  5825 | D:5      | Noticed Menkaure
  5837 | D:5      | Killed Menkaure
  6081 | D:5      | Found a broken altar of Ashenzari.
  6567 | D:5      | Reached skill level 13 in Fighting
  6987 | D:5      | Found a runed translucent door.
  6988 | D:5      | Noticed Crazy Yiuf
  6995 | D:5      | Killed Crazy Yiuf
  7603 | D:7      | Reached *** piety under Cheibriados
  8330 | D:8      | Reached skill level 14 in Fighting
  8405 | D:8      | Found a sand-covered staircase.
  8412 | Ossuary  | Entered an ossuary
  8573 | Ossuary  | Reached skill level 1 in Evocations
  8577 | Ossuary  | Reached **** piety under Cheibriados
  8601 | Ossuary  | Reached skill level 2 in Evocations
  8608 | Ossuary  | Reached XP level 10. HP: 32/94 MP: 6/10
  8921 | Ossuary  | Gained mutation: Your spells are a little easier to cast,
                  | but a little less powerful. [potion of mutation]
  8922 | Ossuary  | Lost mutation: Your spells are a little easier to cast, but
                  | a little less powerful. [potion of mutation]
  8922 | Ossuary  | Gained mutation: You do not regenerate when monsters are
                  | visible. [potion of mutation]
  8922 | Ossuary  | Gained mutation: You tend to lose your temper in combat.
                  | [potion of mutation]
  8923 | Ossuary  | Lost mutation: You do not regenerate when monsters are
                  | visible. [potion of mutation]
  8923 | Ossuary  | Lost mutation: You tend to lose your temper in combat.
                  | [potion of mutation]
  8923 | Ossuary  | Gained mutation: You have hidden genetic defects. [potion
                  | of mutation]
  8923 | Ossuary  | Gained mutation: You are robust. (+10% HP) [potion of
                  | mutation]
  8924 | Ossuary  | Lost mutation: You have hidden genetic defects. [potion of
                  | mutation]
  8924 | Ossuary  | Lost mutation: You are robust. (+10% HP) [potion of
                  | mutation]
  8924 | Ossuary  | Gained mutation: You have large cloven feet. [potion of
                  | mutation]
  8924 | Ossuary  | Gained mutation: Armour fits poorly on your strangely
                  | shaped body. [potion of mutation]
  9056 | D:8      | Reached skill level 3 in Evocations
  9174 | D:8      | Noticed Erica
  9430 | D:8      | Reached skill level 1 in Invocations
  9433 | D:8      | Reached skill level 2 in Invocations
  9590 | D:8      | Killed Erica
  9591 | D:8      | Reached skill level 5 in Invocations
  9837 | D:8      | Found a staircase to the Lair.
 10136 | Lair:1   | Entered Level 1 of the Lair of Beasts
 10182 | Lair:1   | Noticed a cane toad
 10185 | Lair:1   | Killed a cane toad
 10186 | Lair:1   | Reached skill level 6 in Invocations
 10456 | Lair:1   | Noticed a cane toad
 10461 | Lair:1   | Killed a cane toad
 10462 | Lair:1   | Reached skill level 7 in Invocations
 10681 | Lair:1   | Noticed a cane toad
 10685 | Lair:1   | HP: 21/94 [cane toad (15)]
 10687 | Lair:1   | Killed a cane toad
 10688 | Lair:1   | Reached skill level 8 in Invocations
 11146 | D:2      | Bought the ring of Ricliose {rN+ rCorr AC+4 Slay+2} for 612
                  | gold pieces
 11300 | Lair:2   | Reached skill level 9 in Invocations
 11412 | Lair:2   | Noticed a black mamba
 11419 | Lair:2   | Killed a black mamba
 11528 | Lair:2   | Reached skill level 10 in Invocations
 11535 | Lair:2   | Reached skill level 11 in Invocations
 11540 | Lair:2   | Reached XP level 11. HP: 74/100 MP: 15/19
 11706 | Lair:2   | Reached skill level 12 in Invocations
 12511 | Lair:2   | Reached ***** piety under Cheibriados
 12571 | Lair:2   | Reached skill level 13 in Invocations
 12821 | Lair:3   | Noticed a boulder beetle
 12834 | Lair:3   | HP: 21/150 [boulder beetle (43)]
 12840 | Lair:3   | Slain by a boulder beetle

Vanquished Creatures
  Erica (D:8)
  A two-headed ogre (D:6)
  Pikel (D:6)
  2 black mambas (Lair:2)
  3 cane toads (Lair:1)
  A rime drake (Lair:2)
  2 komodo dragons (Lair:2)
  5 dream sheep (Lair:2)
  6 yaks (Lair:2)
  A basilisk (Lair:2)
  Eustachio (D:5)
  Menkaure (D:5)
  3 water moccasins
  3 sky beasts
  3 black bears
  3 wolves (Lair:3)
  2 ogres
  2 centaurs
  A phantom (D:6)
  A kobold brigand (D:8)
  2 lemures (D:6)
  6 elf zombies (Ossuary)
  2 scorpions
  8 bullfrogs
  A water moccasin skeleton (D:5)
  A crimson imp (D:5)
  2 centaur zombies
  A human zombie (Ossuary)
  2 jellies
  3 hounds
  2 orc priests (D:7)
  Crazy Yiuf (D:5)
  2 iguanas
  2 scorpion zombies (D:5)
  6 orc wizards
  A killer bee zombie (D:6)
  3 mummies
  A howler monkey zombie (D:8)
  5 adders
  A white imp (D:5)
  3 ufetubi (D:6)
  2 adder zombies (Ossuary)
  A worm (D:2)
  A dart slug (D:1)
  16 orcs
  6 endoplasms
  6 giant cockroaches
  7 goblins
  5 hobgoblins
  6 jackals
  3 quokkas
  8 ball pythons
  6 bats
  2 frilled lizards
  3 goblin zombies (Ossuary)
  12 hobgoblin zombies
  14 kobolds
  12 kobold zombies
  3 orc zombies (Ossuary)
  3 rats
214 creatures vanquished.

Vanquished Creatures (collateral kills)
  Prince Ribbit (D:5)
  A yak (Lair:2)
  2 ogres
  An orc (D:6)
5 creatures vanquished.

Vanquished Creatures (others)
  6 fungi (Lair:2)
  3 plants
9 creatures vanquished.

Grand Total: 228 creatures vanquished

Table legend:
 A = Non-vault XP
 B = Vault XP
 C = Vault XP percentage of total XP
 D = Non-vault monster count
 E = Vault monster count
 F = Vault count percentage of total count
                 A         B        C        D         E       F
            +---------+---------+-------+---------+---------+-------
      Total |   11323 |    2937 |  20.6 |     158 |      59 |  27.2
            +---------+---------+-------+---------+---------+-------
        D:1 |      39 |       1 |   2.5 |      22 |       1 |   4.3
        D:2 |      20 |       0 |   0.0 |      10 |       0 |   0.0
        D:3 |     160 |      16 |   9.1 |      15 |       8 |  34.8
        D:4 |     137 |       0 |   0.0 |      11 |       0 |   0.0
        D:5 |     532 |     737 |  58.1 |      10 |       6 |  37.5
        D:6 |    1664 |     651 |  28.1 |      27 |       1 |   3.6
        D:7 |     720 |       0 |   0.0 |      16 |       0 |   0.0
        D:8 |     875 |     856 |  49.5 |      17 |       4 |  19.0
     Lair:1 |    1418 |       0 |   0.0 |       4 |       0 |   0.0
     Lair:2 |    5409 |       0 |   0.0 |      23 |       0 |   0.0
     Lair:3 |     349 |       0 |   0.0 |       3 |       0 |   0.0
    Ossuary |       0 |     676 | 100.0 |       0 |      39 | 100.0
            +---------+---------+-------+---------+---------+-------

Illustrated notes

Table legend:
 A = Kills in this place as a percentage of kills in entire the game.
 B = Kills by you in this place as a percentage of kills by you in the entire game.
 C = Kills by friends in this place as a percentage of kills by friends in the entire game.
 D = Other kills in this place as a percentage of other kills in the entire game.
 E = Experience gained in this place as a percentage of experience gained in the entire game.
 F = Experience gained in this place divided by the number of levels of this place that you have seen.
                   A       B       C       D       E      F
               +-------+-------+-------+-------+-------+----------------------
         Total | 100.0 | 100.0 | 100.0 |   N/A | 100.0 | 1096.9
       Dungeon |  68.2 |  67.9 |  80.0 |   N/A |  44.9 | 801.0
          Lair |  13.8 |  13.7 |  20.0 |   N/A |  50.3 | 2392.0
       Ossuary |  18.0 |  18.4 |   0.0 |   N/A |   4.7 | 676.0
               +-------+-------+-------+-------+-------+----------------------

Table legend: (Time is in decaauts)
 A = Elapsed time spent in this place.
 B = Non-inter-level travel time spent in this place.
 C = Inter-level travel time spent in this place.
 D = Time resting spent in this place.
 E = Time spent auto-exploring this place.
 F = Levels seen in this place.
 G = Mean time per level.
                   A        B        C        D        E       F      G
               +--------+--------+--------+--------+--------+-----+--------+
         Total |  16236 |  14873 |   1363 |   2035 |  11150 |  13 | 1248.9 |
       Dungeon |  12276 |  11052 |   1224 |   1689 |   8146 |   8 | 1534.5 |
        Temple |     56 |     30 |     26 |      0 |     22 |   1 |   56.0 |
          Lair |   3253 |   3141 |    112 |    346 |   2531 |   3 | 1084.3 |
       Ossuary |    650 |    650 |      0 |      0 |    450 |   1 |  650.0 |
               +--------+--------+--------+--------+--------+-----+--------+

Top non-repeatable levels by time:
     D:5: 2501 daAuts
  Lair:2: 2116 daAuts
     D:8: 1871 daAuts
     D:7: 1769 daAuts
     D:6: 1718 daAuts
     D:3: 1475 daAuts
     D:1: 1201 daAuts
  Lair:1: 1086 daAuts
     D:2: 1081 daAuts
     D:4: 657 daAuts
 Ossuary: 650 daAuts
  Temple: 56 daAuts
  Lair:3: 51 daAuts
